 Dungeon Crawl Stone Soup version 0.31-a0-1405-g2bb1a01664 (webtiles) character file.

Game seed: 10852435632441809820

24601 jasper the Severer (level 12, -2/113 HPs)
             Began as a Minotaur Berserker on Dec 25, 2023.
             Was a High Priest of Trog.
             Slain by an orc knight
             ... wielding a +0 battleaxe
              (16 damage)
             ... on level 1 of the Orcish Mines.
             The game lasted 00:16:59 (11409 turns).

jasper the Severer (Minotaur Berserker)            Turns: 11409, Time: 00:17:00

Health: -2/113     AC: 21    Str: 21    XL:     12   Next: 82%
Magic:  11/11      EV: 10    Int:  4    God:    Trog [*****.]
Gold:   2307       SH:  0    Dex: 16    Spells: 11/11 levels left

rFire   . . .        E - +5 battleaxe
rCold   . . .        (shield currently unavailable)
rNeg    + . .        v - +0 plate armour
rPois   .            (helmet restricted)
rElec   .            h - +0 cloak
rCorr   .            i - +0 pair of gloves
SInv    .            O - +1 pair of boots
Will    .....        p - amulet of the acrobat Stlth
                     N - ring of positive energy
HPRegen 0.38/turn    (no ring)
MPRegen 0.12/turn

%: acrobat
@: marked
A: horns 2, retaliatory headbutt
a: Renounce Religion, Berserk, Trog's Hand, Brothers in Arms


You were on level 1 of the Orcish Mines.
You worshipped Trog.
Trog was extremely pleased with you.
You visited 2 branches of the dungeon, and saw 13 of its levels.
You also visited: Bailey.

You collected 2307 gold pieces.

Inventory:

Hand Weapons
 a - a +0 hand axe of flaming
 t - a +0 war axe
 w - a +1 battleaxe
 E - a +5 battleaxe (weapon)
Missiles
 c - 93 stones
 s - 22 boomerangs (quivered)
 P - a throwing net
Armour
 h - a +0 cloak (worn)
 i - a +0 pair of gloves (worn)
 l - a +0 chain mail
 q - a +0 ring mail
 r - a +1 pair of boots
 v - a +0 plate armour (worn)
 C - +0 fire dragon scales
 M - a +0 pair of gloves
 O - a +1 pair of boots (worn)
Jewellery
 p - an amulet of the acrobat (around neck)
 y - a ring of magical power
 N - a ring of positive energy (left hand)
Wands
 j - a wand of charming (1)
 J - a wand of polymorph (15)
 Q - a wand of iceblast (7)
Scrolls
 e - 4 scrolls of butterflies
 f - a scroll of enchant armour
 g - 2 scrolls of poison
 o - 9 scrolls of teleportation
 x - 3 scrolls of enchant weapon
 B - 2 scrolls of fog
 G - a scroll of brand weapon
 H - 3 scrolls of fear
 I - 2 scrolls of blinking
Potions
 d - 2 potions of might
 k - a potion of curing
 m - a potion of ambrosia
 n - a potion of brilliance
 u - 3 potions of lignification
 z - 2 potions of mutation {unknown}
 A - a potion of invisibility {unknown}
 D - 5 potions of resistance {unknown}
 F - a potion of magic {unknown}
 R - a potion of cancellation {unknown}
Miscellaneous
 L - a condenser vane


   Skills:
 - Level 12.3 Fighting
 + Level 17.9 Axes
 - Level 12.0 Armour
 - Level 8.6 Dodging


You had 11 spell levels left.
You didn't know any spells.
Your spell library was empty.

Dungeon Overview and Level Annotations

Branches:
Dungeon (12/15)            Temple (0/1) D:4            Lair (0/5) D:9
    Orc (1/2) D:10         Bailey (visited)

Altars:
Ashenzari
Dithmenos
Fedhas
Hepliaklqana
Makhleb
Nemelex Xobeh
Okawaru
Ru
Sif Muna
Trog
Uskayaw
Wu Jian
Xom
The Shining One

Annotations:
D:4 2 transporters, BigPumpCobain's ghost, amateur MiFi
D:10 4 transporters


Innate Abilities, Weirdness & Mutations

You have a pair of horns on your head.
You reflexively headbutt those who attack you in melee.


Message History

The kobold blastminer hits you but does no damage.
The orc knight barely misses you.
The kobold blastminer shoots a bolt.
The bolt completely misses you.
You completely miss the orc knight.
The orc knight is severely wounded.
You slice the kobold blastminer!! The kobold blastminer hits you.
The orc knight barely misses you.
You take 3 damage, and have 51/113 hp.
You hit the orc knight but do no damage.
The orc knight is severely wounded.
You hit the kobold blastminer.
The kobold blastminer shoots a bolt.
The bolt hits you but does no damage.
The kobold blastminer hits you but does no damage.
You hit the orc knight. Your headbutt misses the orc knight.
The orc knight is severely wounded.
You barely miss the kobold blastminer. The orc knight barely misses you.
The kobold blastminer shoots a bolt.
The bolt closely misses you.
You hit the orc knight.
The orc knight is severely wounded.
You slash the kobold blastminer!
You kill the kobold blastminer!
Trog accepts your kill.
The orc knight hits you with a +0 battleaxe!
The kobold blastminer shoots a bolt.
The bolt closely misses you.
You take 14 damage, and have 38/113 hp.
You slash the orc knight!
The orc knight is almost dead.
The orc knight hits you with a +0 battleaxe!!
* * * LOW HITPOINT WARNING * * *
The kobold blastminer shoots a bolt.
The bolt barely misses you.
You take 19 damage, and have 19/113 hp.
You hit the orc knight but do no damage.
The orc knight is almost dead.
The orc knight hits you with a +0 battleaxe!
* * * LOW HITPOINT WARNING * * *
You take 12 damage, and have 7/113 hp.
You feel better.
The kobold blastminer shoots a bolt.
The bolt hits you.
* * * LOW HITPOINT WARNING * * *
The orc knight hits you with a +0 battleaxe!
You die...

###.......#....
##.......#.# #...
#........#####...
###.........#....
#..............
###............
#...$)>......
####.o......$
#)@......#
#).......#
##.#K...##
####...# ..## ##


You could see an orc knight and a kobold blastminer.

Vanquished Creatures
  4 two-headed ogres
  2 orc knights
  An orc sorcerer (Orc:1)
  Maurice (D:9)
  2 manticores
  A kobold blastminer (Orc:1)
  Joseph (D:7)
  A gargoyle (D:12)
  An unseen horror (D:11)
  Psyche (D:8)
  3 trolls
  2 hornets
  24 yaks
  A warg (Orc:1)
  A wyvern (D:9)
  2 steam dragons (D:7)
  2 vampire mosquitoes (D:12)
  2 acid dragons
  25 orc warriors
  2 black bears
  2 ice beasts
  A sky beast (D:7)
  3 ogres
  6 centaurs
  4 phantoms
  7 bullfrogs
  A gnoll sergeant (D:10)
  3 scorpions
  12 wights
  A howler monkey (D:8)
  3 hounds
  A bombardier beetle (D:6)
  8 orc priests
  2 gnoll boudas (D:8)
  4 iguanas
  16 orc wizards
  25 gnolls
  9 adders
  3 shadow imps
  2 white imps (D:7)
  2 ufetubi (D:7)
  2 worms (D:2)
  4 dart slugs
  64 orcs
  9 bats
  6 endoplasms
  2 giant cockroaches
  20 goblins
  14 hobgoblins
  6 jackals
  2 kobolds (D:1)
  3 quokkas
  10 ball pythons
  6 frilled lizards
  9 rats
351 creatures vanquished.

Vanquished Creatures (collateral kills)
  An orc warlord (Bailey)
1 creature vanquished.

Vanquished Creatures (others)
  An orc (Orc:1)
1 creature vanquished.

Grand Total: 353 creatures vanquished

Notes
Turn   | Place    | Note
-------+----------+-------------------------------------------
     0 | D:1      | jasper the Minotaur Berserker began the quest for the Orb.
     0 | D:1      | Reached XP level 1. HP: 19/19 MP: 0/0
   121 | D:1      | Reached skill level 4 in Axes
   143 | D:1      | Reached XP level 2. HP: 23/27 MP: 1/1
   481 | D:1      | Reached XP level 3. HP: 31/33 MP: 2/2
   841 | D:2      | Found an iron altar of Okawaru.
   844 | D:2      | Reached ** piety under Trog
  1227 | D:2      | Reached skill level 5 in Axes
  1240 | D:2      | Reached XP level 4. HP: 32/40 MP: 3/3
  1882 | D:3      | Identified the +2 leather armour of Rotiejay {rElec MP-9
                  | Int+9}
  2057 | D:3      | Found a hide-covered altar of Uskayaw.
  2303 | D:3      | Found a shimmering blue altar of Sif Muna.
  2495 | D:4      | Reached XP level 5. HP: 39/47 MP: 4/4
  2547 | D:4      | Found an ornate altar of the Wu Jian Council.
  2548 | D:4      | Noticed BigPumpCobain's ghost (amateur MiFi)
  2549 | D:4      | Found a transporter.
  2580 | D:4      | Reached *** piety under Trog
  2581 | D:4      | Reached skill level 5 in Fighting
  2581 | D:4      | Reached skill level 6 in Axes
  2621 | D:4      | Reached XP level 6. HP: 54/56 MP: 5/5
  2710 | D:4      | Found a shimmering altar of Xom.
  2773 | D:4      | Noticed a spectral centipede
  2773 | D:4      | Noticed a spectral black mamba
  2773 | D:4      | Noticed a spectral cane toad
  2783 | D:4      | Found a transporter.
  2844 | D:4      | Found a staircase to the Ecumenical Temple.
  2931 | D:4      | Found a bloodstained altar of Trog.
  2968 | D:4      | Reached skill level 7 in Axes
  3158 | D:4      | Found a burning altar of Makhleb.
  3158 | D:4      | Found a blossoming altar of Fedhas.
  3158 | D:4      | Found a hazy altar of Hepliaklqana.
  3266 | D:5      | Entered Level 5 of the Dungeon
  3275 | D:5      | Reached skill level 5 in Armour
  3289 | D:5      | Reached XP level 7. HP: 15/62 MP: 6/6
  3476 | D:5      | Reached skill level 8 in Axes
  3522 | D:5      | Found a shadowy altar of Dithmenos.
  3556 | D:5      | Found a sparkling altar of Nemelex Xobeh.
  3575 | D:5      | Found a sacrificial altar of Ru.
  4268 | D:5      | Identified a scroll of acquirement
  4268 | D:5      | Acquired 1222 gold pieces
  4337 | D:6      | Reached XP level 8. HP: 57/71 MP: 7/7
  4350 | D:6      | Reached skill level 9 in Axes
  4487 | D:6      | Found a glowing golden altar of the Shining One.
  4858 | D:6      | Reached skill level 10 in Axes
  4935 | D:6      | Reached XP level 9. HP: 67/81 MP: 8/8
  4945 | D:6      | Reached skill level 11 in Axes
  5383 | D:7      | Reached **** piety under Trog
  5523 | D:7      | Identified the +3 longbow of Lust {elec, rPois}
  5541 | D:7      | Noticed Joseph
  5561 | D:7      | Killed Joseph
  5629 | D:7      | Found a broken altar of Ashenzari.
  5757 | D:7      | Found a flagged portal.
  5767 | Bailey   | Entered a bailey
  5887 | Bailey   | Reached XP level 10. HP: 79/92 MP: 9/9
  5932 | Bailey   | Reached skill level 5 in Dodging
  6094 | Bailey   | Reached ***** piety under Trog
  6177 | Bailey   | Noticed an orc knight
  6186 | Bailey   | Killed an orc knight
  6187 | Bailey   | Reached skill level 10 in Fighting
  6234 | Bailey   | Noticed an orc warlord
  6240 | Bailey   | Killed an orc warlord
  6241 | Bailey   | Reached skill level 10 in Armour
  6257 | Bailey   | Reached XP level 11. HP: 92/105 MP: 10/10
  6799 | D:8      | Identified the +2 dagger of the Thoughtful Planets {drain,
                  | rElec rPois rN+ Dex-5}
  6825 | D:8      | Noticed Psyche
  6834 | D:8      | Killed Psyche
  6913 | D:8      | Reached skill level 12 in Axes
  7005 | D:8      | Noticed a two-headed ogre
  7023 | D:8      | Killed a two-headed ogre
  7623 | D:9      | Reached skill level 13 in Axes
  7629 | D:9      | Found a staircase to the Lair.
  7688 | D:9      | Paralysed by a hornet for 2 turns
  8079 | D:9      | Noticed Maurice
  8092 | D:9      | Something stole 722 gold
  8093 | D:9      | Something stole 18 boomerangs
  8094 | D:9      | Something stole a +1 battleaxe
  8097 | D:9      | Something stole a condenser vane
  8103 | D:9      | Something stole a ring of magical power
  8119 | D:9      | Maurice stole 200 gold
  8121 | D:9      | Maurice stole 408 gold
  8122 | D:9      | Killed Maurice
  8123 | D:9      | Reached skill level 14 in Axes
  8412 | D:10     | Entered Level 10 of the Dungeon
  8466 | D:10     | Reached XP level 12. HP: 113/113 MP: 11/11
  8652 | D:10     | Found a transporter.
  8658 | D:10     | Found a transporter.
  8659 | D:10     | Found a transporter.
  8748 | D:10     | Found a transporter.
  9007 | D:10     | Received a gift from Trog
  9072 | D:10     | Found a staircase to the Orcish Mines.
  9443 | D:11     | Reached skill level 15 in Axes
  9699 | D:11     | Noticed a two-headed ogre
  9706 | D:11     | Killed a two-headed ogre
  9768 | D:11     | Identified the +0 scale mail of Reason {*Slow rC+ rN++}
  9927 | D:11     | Noticed a two-headed ogre
  9938 | D:11     | Killed a two-headed ogre
 10097 | D:11     | Reached skill level 16 in Axes
 10177 | D:12     | Identified the +7 quarterstaff of Tumult {flame, Dex+2}
 10257 | D:12     | Noticed a two-headed ogre
 10265 | D:12     | Killed a two-headed ogre
 10792 | D:12     | Reached skill level 17 in Axes
 10994 | Orc:1    | Entered Level 1 of the Orcish Mines
 11058 | Orc:1    | Received a gift from Trog
 11409 | Orc:1    | Slain by an orc knight

Illustrated notes

Levels and vault maps discovered:
D:1:      dpeg_arrival_three_same_balls, layout_loops_ring
D:2:      layout_basic, basic_altar
D:3:      layout_loops_corners, marbit_many_paths,
          nicolae_uskayaw_murder_on_the_dancefloor
D:4:      layout_basic, lemuel_doored_altar, pdpol_wu_jian_five_deadly_venoms,
          mainiacjoe_overflow_paths, gammafunk_temple_overflow_forgotten,
          minmay_temple_entry_antechambers, gammafunk_ghost_arena,
          mrwooster_statue_mirror, minmay_misc_feat_tower, uniq_robin
D:5:      layout_basic, nemelex_spade_bored_becter,
          nicolae_overflow_crystal_walls, grunt_dithmenos_smoke,
          bh_walls_and_bars
D:6:      layout_basic, mainiacjoe_overflow_boulevard
D:7:      layout_basic, mainiacjoe_overflow_brackets,
          lightli_bailey_entry_fortress, uniq_joseph
D:8:      layout_cave_pools, uniq_psyche
D:9:      layout_roguey, grunt_lair_entry_orc_guard_hut, uniq_maurice
D:10:     layout_loops_ring, david_orc_4, nicolae_transporter_circle
D:11:     layout_roguey
D:12:     layout_rooms
Orc:1:    layout_diamond_mine

Skill      XL: |  1  2  3  4  5  6  7  8  9 10 11 12 |
---------------+-------------------------------------+-----
Axes           | 4 5 6 7 8 10 11 14 17 | 17.9
Fighting       | 4 5 6 7 9 12 | 12.3
Armour         | 3 4 5 6 7 9 12 | 12.0
Dodging        | 4 8 |  8.6

Action                     |  1- 3 |  4- 6 |  7- 9 | 10-12 || total
---------------------------+-------+-------+-------+-------++-------
  Melee: Hand axe          |    86 |   116 |    21 |       ||   223
         Headbutt          |    11 |    17 |    38 |    64 ||   130
         Punch             |     1 |     1 |       |       ||     2
         War axe           |       |       |    10 |       ||    10
         Battleaxe         |       |       |   169 |   343 ||   512
  Throw: Boomerang         |       |     8 |       |       ||     8
         Stone             |       |     1 |       |       ||     1
 Invoke: Berserk           |       |       |     1 |     3 ||     4
         Trog's Hand       |       |       |     1 |       ||     1
         Brothers in Arms  |       |       |       |     1 ||     1
    Use: Scroll            |       |     9 |     4 |     6 ||    19
         Potion            |       |       |       |     2 ||     2
   Stab: Distracted        |     1 |       |       |       ||     1
 Armour: Animal skin       |    42 |     8 |       |       ||    50
         Ring mail         |       |    64 |     7 |       ||    71
         Chain mail        |       |       |    37 |       ||    37
         Plate armour      |       |       |   125 |   318 ||   443
  Dodge: Dodged            |    63 |    90 |   103 |   266 ||   522

Table legend: (Time is in decaauts)
 A = Elapsed time spent in this place.
 B = Non-inter-level travel time spent in this place.
 C = Inter-level travel time spent in this place.
 D = Time resting spent in this place.
 E = Time spent auto-exploring this place.
 F = Levels seen in this place.
 G = Mean time per level.
                   A        B        C        D        E       F      G
               +--------+--------+--------+--------+--------+-----+--------+
         Total |  11505 |  10998 |    507 |    912 |   7741 |  14 |  821.8 |
       Dungeon |  10681 |  10174 |    507 |    763 |   7347 |  12 |  890.1 |
  Orcish Mines |    228 |    228 |      0 |     33 |     94 |   1 |  228.0 |
        Bailey |    595 |    595 |      0 |    115 |    300 |   1 |  595.0 |
               +--------+--------+--------+--------+--------+-----+--------+

Top non-repeatable levels by time:
    D:10: 1147 daAuts
     D:6: 1045 daAuts
     D:5: 1026 daAuts
     D:7: 944 daAuts
     D:3: 876 daAuts
     D:9: 849 daAuts
     D:1: 832 daAuts
    D:11: 830 daAuts
     D:4: 787 daAuts
     D:8: 784 daAuts
     D:2: 779 daAuts
    D:12: 777 daAuts
  Bailey: 595 daAuts
   Orc:1: 228 daAuts
